 Dungeon Crawl Stone Soup version 0.24.0-1-gfbc8707 (webtiles) character file.

Game seed: 16288699444405842351, levelgen mode: deterministic

723 pkoi the Bolt Thrower (level 7, 0/91 HPs)
             Began as a Minotaur Hunter on Nov 4, 2019.
             Was an Initiate of Qazlal.
             Succumbed to Edmund's poison
             ... on level 4 of the Dungeon.
             The game lasted 00:05:30 (3425 turns).

pkoi the Bolt Thrower (Minotaur Hunter)             Turns: 3425, Time: 00:05:30

Health: 0/91       AC: 23    Str: 18    XL:     7   Next: 43%
Magic:  16/16      EV:  2    Int:  8    God:    Qazlal [......]
Gold:   101        SH:  0    Dex: 16    Spells: 6/6 levels left

rFire    . . .     SeeInvis .   b - +0 falchion
rCold    . . .     Gourm    .   (no shield)
rNeg     + + +     Faith    .   (armour currently unavailable)
rPois    +         Spirit   .   (helmet currently unavailable)
rElec    .         Reflect  .   (cloak currently unavailable)
rCorr    .         Harm     .   (gloves currently unavailable)
MR       .....     NoTele   +   (boots currently unavailable)
Stlth    +++.......             (no amulet)
HPRegen  0.25/turn              m - ring of positive energy
MPRegen  0.15/turn              r - ring of magical power

@: agile, lethally poisoned (0 -> -28), tree-form
A: (retaliatory headbutt), mutation resistance 1
a: Renounce Religion


You were on level 4 of the Dungeon.
You worshipped Qazlal.
Qazlal was noncommittal.
You were not hungry.
You were a tree.
You visited 1 branch of the dungeon, and saw 4 of its levels.

You collected 186 gold pieces.
You spent 85 gold pieces at shops.

Inventory:

Hand Weapons
 a - a +1 hand crossbow
 b - a +0 falchion (weapon)
 n - a +0 short sword
Missiles
 d - 2 bolts
Armour
 c - a +0 leather armour (melded)
 s - a +0 pair of boots (melded)
 t - a +0 hat (melded)
Jewellery
 m - a ring of positive energy (left branch)
 r - a ring of magical power (right branch)
Scrolls
 g - 5 scrolls of identify
 h - 4 scrolls of remove curse {unknown}
 i - 2 scrolls of enchant weapon {unknown}
 k - a scroll of magic mapping {unknown}
 l - 2 scrolls of teleportation {unknown}
 o - a scroll of fear
 q - a scroll of blinking {unknown}
Potions
 e - 2 potions of agility
 j - 4 potions of mutation
Comestibles
 f - 8 rations
 p - a chunk of flesh


   Skills:
 + Level 5.3 Fighting
 + Level 3.9 Long Blades
 + Level 6.3 Crossbows
 + Level 4.5 Armour
 - Level 2.1 Dodging
 - Level 0.7 Stealth
 + Level 2.0 Invocations


You had 6 spell levels left.
You didn't know any spells.
Your spell library was empty.

Dungeon Overview and Level Annotations

Branches:
Dungeon (4/15)
 Temple: D:4-7

Altars:
Cheibriados
Qazlal
Trog

Shops:
D:4 [

Annotations:
D:4 1 runed translucent door, Tang's ghost, novice VSFi


Innate Abilities, Weirdness & Mutations

((You reflexively headbutt those who attack you in melee.))
((You have a pair of horns on your head.))
((You are partially covered in iridescent scales. (AC +2)))
You are somewhat resistant to further mutation.


Message History

Unknown command.
You hit Edmund.
Edmund is almost dead.
* * * LOW HITPOINT WARNING * * *
You feel very sick. Edmund hits you but does no damage.
You hit Edmund.
You kill Edmund!
Qazlal accepts your kill.
Your Invocations skill increases to level 2!
* * * LOW HITPOINT WARNING * * *
You feel very sick.
Unknown command.
Okay, then.
Unknown command.
There is a lethal amount of poison in your body!
As you read the scroll labeled DAPESU BAEMAL, it crumbles to dust.
It is a scroll of identify.
o - a scroll of fear You die...

#. # #. # #. # ##.
##.## .. .. .(.#
#.##@# ..# ...(.
#.#
#..#########.#####
#((.)()♣[....÷..#
#(#######.#####.#
#. #.# #.# #. #.#
#.# .. #.# #.# #.
#.# #.# #. #.#
#.######## #. #.#
#......)).
##########


There were no monsters in sight!

Vanquished Creatures
  Edmund (D:4)
  A bullfrog (D:4)
  A scorpion (D:4)
  2 howler monkeys (D:4)
  A crimson imp (D:2)
  4 orc priests
  An orc wizard (D:3)
  A hound skeleton (D:4)
  12 adders
  2 dart slugs (D:3)
  3 worms
  A leopard gecko (D:3)
  13 orcs
  4 giant cockroaches
  9 goblins
  7 hobgoblins
  11 jackals
  A ball python (D:2)
  11 bats
  3 frilled lizards (D:1)
  4 kobolds
  A leopard gecko zombie (D:2)
  10 rats
104 creatures vanquished.

Notes
Turn   | Place    | Note
-------+----------+-------------------------------------------
     0 | D:1      | pkoi the Minotaur Hunter began the quest for the Orb.
     0 | D:1      | Reached XP level 1. HP: 18/18 MP: 0/0
   158 | D:1      | Reached skill level 1 in Armour
   158 | D:1      | Reached XP level 2. HP: 25/25 MP: 1/1
   664 | D:2      | Found a snail-covered altar of Cheibriados.
   689 | D:2      | Reached XP level 3. HP: 24/31 MP: 2/2
   952 | D:2      | Reached skill level 5 in Crossbows
  1068 | D:2      | Reached XP level 4. HP: 38/38 MP: 3/3
  1452 | D:2      | Noticed a moth of wrath
  1455 | D:2      | Found a bloodstained altar of Trog.
  1481 | D:2      | Reached skill level 1 in Long Blades
  1747 | D:3      | Reached XP level 5. HP: 46/46 MP: 4/4
  2691 | D:3      | Reached XP level 6. HP: 53/53 MP: 5/5
  2905 | D:3      | Found a stormy altar of Qazlal.
  2932 | D:3      | Became a worshipper of Qazlal Stormbringer
  2945 | D:4      | Found a runed translucent door.
  2945 | D:4      | Noticed Tang's ghost (novice VSFi)
  3017 | D:4      | Found Wiguniy's Armour Boutique.
  3028 | D:4      | Bought a +0 pair of boots for 45 gold pieces
  3028 | D:4      | Bought a +0 hat for 40 gold pieces
  3127 | D:4      | Reached skill level 1 in Invocations
  3134 | D:4      | Reached skill level 6 in Crossbows
  3177 | D:4      | Reached skill level 5 in Fighting
  3177 | D:4      | Reached XP level 7. HP: 20/61 MP: 7/7
  3395 | D:4      | Noticed Edmund
  3414 | D:4      | Gained mutation: You possess an exceptional clarity of
                  | mind. [potion of mutation]
  3414 | D:4      | Gained mutation: You are somewhat resistant to further
                  | mutation. [potion of mutation]
  3414 | D:4      | Lost mutation: You possess an exceptional clarity of mind.
                  | [potion of mutation]
  3414 | D:4      | Gained mutation: You are partially covered in iridescent
                  | scales. (AC +2) [potion of mutation]
  3424 | D:4      | Killed Edmund
  3424 | D:4      | HP: 2/91 [poisoned by Edmund]
  3425 | D:4      | Succumbed to Edmund's poison

Levels and vault maps discovered:
D:1:      eino_arrival_cavern_e, layout_basic
D:2:      layout_loops_ring, tgw_trog, cheibriados_altar_1, first_ration
D:3:      layout_loops_ring, lemuel_doored_altar, bh_walls_and_bars
D:4:      layout_loops_ring, serial_shops, nicolae_shop_waterfront,
          nicolae_shop_trees, nicolae_shop_trees,
          nicolae_shop_competitors_out_of_business, shop_statue,
          hellmonk_ghost_happy_afterlife, uniq_edmund

Skill      XL: |  1  2  3  4  5  6  7 |
---------------+----------------------+-----
Armour         | 1 2 3 4 |  4.5
Fighting       | 3 4 5 |  5.3
Crossbows      | 5 6 |  6.3
Long Blades    | 1 2 3 |  3.9
Invocations    | 1 2 |  2.0
Dodging        | |  2.1
Stealth        | |  0.7

Action                   |  1- 3 |  4- 6 |  7- 9 || total
-------------------------+-------+-------+-------++-------
Melee: Short sword       |    28 |    24 |       ||    52
       Headbutt          |     1 |     9 |       ||    10
       Falchion          |       |    20 |     8 ||    28
 Fire: Hand crossbow     |    33 |   149 |    18 ||   200
  Use: Potion            |       |       |     3 ||     3
       Scroll            |       |       |     1 ||     1
  Eat: Chunk             |       |     7 |     1 ||     8
Armor: Leather armour    |     8 |    21 |     1 ||    30
       Skin              |       |       |     7 ||     7
Dodge: Dodged            |    23 |    69 |     4 ||    96
       Rpst.: Falchion   |       |     4 |       ||     4
